 Dungeon Crawl Stone Soup version 0.28-a0-1613-gdaab1c2f9b (webtiles) character file.

Game seed: 1465447467020523706

43 croobank the Firebug (level 3, 0/24 HPs)
             Began as a Human Fire Elementalist on Jan 22, 2022.
             Was a Follower of Kikubaaqudgha.
             Killed from afar by a dart slug (4 damage)
             ... with a slug dart
             ... on level 2 of the Dungeon.
             The game lasted 00:04:17 (1474 turns).

croobank the Firebug (Human Fire Elementalist)      Turns: 1474, Time: 00:04:18

Health: 0/24       AC:  2    Str: 10    XL:     3   Next: 82%
Magic:  0/6        EV: 12    Int: 15    God:    Kikubaaqudgha [*.....]
Gold:   43         SH:  0    Dex: 13    Spells: 3/6 levels left

rFire   . . .      SeeInvis .   b - +0 rapier
rCold   . . .      Faith    .   (no shield)
rNeg    . . .      Spirit   .   a - +0 robe
rPois   .          Reflect  .   (no helmet)
rElec   .          Harm     .   (no cloak)
rCorr   .          Rampage  .   (no gloves)
Will    .....                   (no boots)
Stlth   ++........              (no amulet)
HPRegen 0.08/turn               (no ring)
MPRegen 0.10/turn               (no ring)

@: no status effects
A: no striking features
a: Renounce Religion, Receive Corpses


You were on level 2 of the Dungeon.
You worshipped Kikubaaqudgha.
Kikubaaqudgha was aware of your devotion.
You visited 1 branch of the dungeon, and saw 2 of its levels.

You collected 43 gold pieces.

Inventory:

Hand Weapons
 b - a +0 rapier (weapon)
 d - a +0 flail
Armour
 a - a +0 robe (worn)
Scrolls
 e - a scroll of identify {unknown}
Potions
 c - a potion of ambrosia {unknown}
 f - a potion of brilliance {unknown}


   Skills:
 + Level 2.4 Dodging
 + Level 2.5 Stealth
 + Level 2.3 Spellcasting
 + Level 1.6 Conjurations
 + Level 3.3 Fire Magic


You had 3 spell levels left.
You knew the following spells:

 Your Spells              Type           Power      Damage    Failure   Level
a - Foxfire               Conj/Fire      36%        2x1d5     8%          1
b - Scorch                Fire           22%        2d6       9%          2

Your spell library contained the following spells:

 Spells                   Type           Power      Damage    Failure   Level
 Animate Skeleton         Necr           2%         N/A       22%         1
 Conjure Flame            Conj/Fire      9%         6-21      22%         3
 Corpse Rot               Necr/Air       2%         N/A       32%         2
 Sublimation of Blood     Necr           1%         N/A       32%         2
 Inner Flame              Hex/Fire       6%         N/A       32%         3
 Vampiric Draining        Necr           1%         2d6       54%         3
 Flame Wave               Conj/Fire      9%         2d5       58%         4


Dungeon Overview and Level Annotations

Branches:
Dungeon (1/15)

Altars:
Kikubaaqudgha


Message History

Terence is wielding a +0 antimagic hand axe.
Found two stone staircases leading down.
Found 22 stones.
Casting: Scorch (safe; 9% risk of failure)
Confirm with . or Enter, or press ? or * to list all spells.
Flames lash Terence.
Terence shouts!
Terence is moderately wounded.
Terence's fire resistance burns away.
Terence hits you with a +0 antimagic hand axe!
You feel your power leaking away.
Casting: Scorch (safe; 9% risk of failure)
Confirm with . or Enter, or press ? or * to list all spells.
You don't have enough magic to cast this spell.
You closely miss Terence.
Terence is moderately wounded.
The dart slug launches a dart at you. The slug dart hits you.
Terence hits you with a +0 antimagic hand axe.
Terence hits you but does no damage.
You hit Terence. You punch Terence, but do no damage.
Terence is heavily wounded.
Terence is no longer more vulnerable to fire.
Terence barely misses you.
You hit Terence but do no damage.
Terence is heavily wounded.
Terence closely misses you.
You hit Terence.
Terence is severely wounded.
Terence hits you with a +0 antimagic hand axe.
You puncture Terence!
You kill Terence!
Kikubaaqudgha accepts your kill. The dart slug launches a dart at you.
The slug dart hits you.
* * * LOW HITPOINT WARNING * * *
The dart slug launches a dart at you. The slug dart hits you.
You die...
Kikubaaqudgha rasps: "You have failed me!
Welcome... death!"

##...#.# .. ...#
.....# .#..# ....
#..# # #..# #(#.@#
#.#.#..####
.......)...#
##.#.#.....#####.
###.#.#>..........
............#####
...........w......
###...#####..>....
###. .######


You could see a dart slug.

Vanquished Creatures
  Terence (D:2)
  2 bats (D:1)
  2 goblins (D:1)
  5 hobgoblins (D:1)
  A quokka (D:1)
  2 ball pythons (D:1)
  4 frilled lizards (D:1)
  A kobold (D:1)
  3 rats (D:1)
21 creatures vanquished.

Vanquished Creatures (others)
  15 foxfires (D:1)
15 creatures vanquished.

Grand Total: 36 creatures vanquished

Notes
Turn   | Place    | Note
-------+----------+-------------------------------------------
     0 | D:1      | croobank the Human Fire Elementalist began the quest for
                  | the Orb.
     0 | D:1      | Reached XP level 1. HP: 13/13 MP: 3/3
   249 | D:1      | Found a faded altar of an unknown god.
   264 | D:1      | Reached XP level 2. HP: 8/19 MP: 1/5
   267 | D:1      | Learned a level 2 spell: Scorch
   484 | D:1      | Prayed at the altar of an unknown god.
   484 | D:1      | Became a worshipper of Kikubaaqudgha
   484 | D:1      | Reached * piety under Kikubaaqudgha
   484 | D:1      | Received a gift from Kikubaaqudgha
  1122 | D:1      | Reached XP level 3. HP: 13/24 MP: 1/6
  1460 | D:1      | You fall into a shaft and drop 1 floor!
  1460 | D:2      | Noticed Terence
  1473 | D:2      | Killed Terence
  1474 | D:2      | Killed from afar by a dart slug

Illustrated notes

Levels and vault maps discovered:
D:1:      ncdulo_smallfort, layout_basic, basic_ecumenical_altar
D:2:      layout_loops_ring, minmay_misc_feat_cross, uniq_terence

Action                   || total
-------------------------++-------
Melee: Rapier            ||    41
       Punch             ||     1
 Cast: Foxfire           ||    14
       Scorch            ||    10
Invok: Receive Corpses   ||     1
Armor: Robe              ||     7
Dodge: Dodged            ||    28

Table legend: (Time is in decaauts)
 A = Elapsed time spent in this place.
 B = Non-inter-level travel time spent in this place.
 C = Inter-level travel time spent in this place.
 D = Time resting spent in this place.
 E = Time spent auto-exploring this place.
 F = Levels seen in this place.
 G = Mean time per level.
                   A        B        C        D        E       F      G
               +--------+--------+--------+--------+--------+-----+--------+
         Total |   1481 |   1481 |      0 |      0 |   1237 |   2 |  740.5 |
       Dungeon |   1481 |   1481 |      0 |      0 |   1237 |   2 |  740.5 |
               +--------+--------+--------+--------+--------+-----+--------+

Top non-repeatable levels by time:
     D:1: 1466 daAuts
     D:2: 14 daAuts
